 Dungeon Crawl Stone Soup version 0.30-a0-652-gcc886f7154 (webtiles) character file.

Game seed: 2123202149044636622

119 garrulousMonolith the Magician (level 5, -3/37 HPs)
             Began as a Gnoll Hedge Wizard on Jan 17, 2023.
             Killed by divine providence
             ... invoked by an orc priest
              (17 damage)
             ... on level 4 of the Dungeon.
             The game lasted 00:03:52 (3439 turns).

garrulousMonolith the Magician (Gnoll Hedge Wizard) Turns: 3439, Time: 00:03:53

Health: -3/37      AC:  3    Str:  9    XL:     5   Next: 3%
Magic:  10/14      EV: 12    Int: 16    God:
Gold:   181        SH:  0    Dex: 11    Spells: 7/18 levels left

rFire   . . .      SeeInvis .    t - +0 war axe
rCold   . . .      Faith    .    (no shield)
rNeg    + . .      Spirit   .    u - +0 leather armour
rPois   .          Reflect  .    c - +0 hat
rElec   .          Harm     .    (no cloak)
rCorr   .          Rampage  .    (no gloves)
Will    .....                    (no boots)
Stlth   ++                       (no amulet)
HPRegen 0.26/turn                j - ring of positive energy
MPRegen 0.14/turn                (no ring)

@: no status effects
A: fangs 1, strong nose, distributed training
a: no special abilities


You were on level 4 of the Dungeon.
You visited 1 branch of the dungeon, and saw 4 of its levels.

You collected 181 gold pieces.

Inventory:

Hand Weapons
 a - a +0 dagger
 t - a +0 war axe (weapon)
Missiles
 e - 2 poisoned darts
Armour
 c - a +0 hat (worn)
 r - the +11 scale mail of the Hunter {rC+ Will+}
   (You found it on level 2 of the Dungeon)

   rC:        It protects you from cold.
   Will:      It increases your willpower.
 u - a +0 leather armour (worn)
Jewellery
 j - a ring of positive energy (left hand)
 p - a ring of magical power
Wands
 l - a wand of flame (6)
Scrolls
 b - 2 scrolls of enchant armour {unknown}
 f - a scroll of enchant weapon {unknown}
 i - a scroll of fear {unknown}
 k - a scroll of magic mapping {unknown}
 o - 2 scrolls of vulnerability {unknown}
 q - a scroll of immolation {unknown}
 s - a scroll of noise {unknown}
 w - a scroll of poison {unknown}
 x - 2 scrolls of identify {unknown}
 y - a scroll of fog {unknown}
Potions
 d - 2 potions of magic
 g - a potion of lignification {unknown}
 h - a potion of might {unknown}
 m - 2 potions of flight {unknown}
 n - 2 potions of ambrosia {unknown}
 v - a potion of brilliance {unknown}
 z - a potion of curing {unknown}
 A - a potion of heal wounds {unknown}


   Skills:
 + Level 1.4 Fighting
 + Level 1.4 Short Blades
 + Level 1.4 Long Blades
 + Level 1.4 Axes
 + Level 1.4 Maces & Flails
 + Level 1.4 Polearms
 + Level 1.4 Staves
 + Level 1.4 Ranged Weapons
 + Level 1.4 Throwing
 + Level 1.4 Armour
 + Level 4.7 Dodging
 + Level 4.3 Stealth
 + Level 1.4 Shields
 + Level 1.4 Unarmed Combat
 + Level 7.2 Spellcasting
 + Level 2.3 Conjurations
 + Level 1.1 Hexes
 + Level 2.3 Summonings
 + Level 1.1 Necromancy
 + Level 2.3 Translocations
 + Level 1.1 Transmutations
 + Level 1.1 Fire Magic
 + Level 1.1 Ice Magic
 + Level 1.1 Air Magic
 + Level 1.1 Earth Magic
 + Level 1.1 Poison Magic
 + Level 1.5 Invocations
 + Level 1.4 Evocations


You had 7 spell levels left.
You knew the following spells:

 Your Spells              Type           Power      Damage    Failure   Level
a - Magic Dart            Conj           52%        1d5       6%          1
b - Call Imp              Summ           13%        N/A       10%         2
c - Blink                 Tloc           26%        N/A       10%         2
d - Mephitic Cloud        Conj/Pois/Air  10%        N/A       26%         3
e - Vhi's Electric Charg  Tloc/Air       22%        N/A       24%         3

Your spell library contained the following spells:

 Spells                   Type           Power      Damage    Failure   Level
 Slow                     Hex            36%        N/A       11%         1
 Static Discharge         Conj/Air       22%        2-3/arc   12%         2
 Cigotuvi's Dreadful Rot  Necr/Pois/Air  18%        N/A       16%         2
 Arcjolt                  Conj/Air       5%         1d15      92%         5
 Lightning Bolt           Conj/Air       5%         1d17      92%         5
 Maxwell's Capacitive Co  Air            4%         ∞         100%        8


Dungeon Overview and Level Annotations

Branches:
Dungeon (4/15)
 Temple: D:4-7

Altars:


Innate Abilities, Weirdness & Mutations

You have very sharp teeth.
Your uncanny sense of smell can sniff out nearby items.
Your experience applies equally to all skills.


Message History

The orc is moderately wounded.
The orc priest calls upon Beogh to heal the orc.
The orc's wounds heal themselves!
Casting: Magic Dart (safe; 6% risk of failure)
Confirm with . or Enter, or press ? or * to list all spells.
A beastly little devil appears in a puff of flame.
Your crimson imp misses the orc.
The orc priest looks braver for a moment.
Casting: Call Imp (safe; 10% risk of failure)
Confirm with . or Enter, or press ? or * to list all spells.
A beastly little devil appears in a puff of flame.
Your crimson imp disappears in a puff of smoke!
The orc closely misses you.
You closely miss the orc.
The orc priest casts a cantrip, but nothing happens.
The orc priest misses you. The orc hits you but does no damage.
You slash the orc!
You kill the orc!
You hit the orc wizard.
Your crimson imp hits the orc wizard.
The orc priest hits you but does no damage.
The orc wizard gestures at you while chanting.
The magic dart hits you.
You closely miss the orc wizard.
The orc wizard is moderately wounded.
Your crimson imp closely misses the orc wizard.
The orc priest calls down the wrath of Beogh upon you.
Beogh smites you!
The orc wizard hits you but does no damage.
Your crimson imp misses the orc wizard.
The orc wizard closely misses you.
The orc priest calls upon Beogh to heal the orc wizard.
The orc wizard's wounds heal themselves!
You barely miss the orc wizard.
You bite the orc wizard, but do no damage.
The orc priest barely misses you.
The orc wizard points at you and mumbles some strange words.
The magic dart hits you.
Your crimson imp misses the orc wizard.
You closely miss the orc wizard.
The orc priest invokes the aid of Beogh against you.
Beogh smites you!
You die...

### ... #.# ... #.#
∆ ... #.# #.# #.#
#.# #.######## #.#
#.........
###.###############
+)@5.........#
##o#########.######
#oo# #........ ∆
..... #..######
..>.... #..#....#
..........
#..#.#.##
...........
#..#.#.##
............
...#.#...
##.##.####


You could see 2 orc priests, an orc wizard (ally target) and a friendly crimson
imp (summoned).

Vanquished Creatures
  A jelly (D:2)
  An adder (D:3)
  3 worms (D:2)
  2 dart slugs
  An orc (D:4)
  6 bats
  2 endoplasms
  3 giant cockroaches
  8 hobgoblins
  4 jackals (D:2)
  A quokka (D:1)
  3 ball pythons (D:3)
  3 frilled lizards
  8 goblins
  8 kobolds
  5 rats
59 creatures vanquished.

Vanquished Creatures (collateral kills)
  A worm (D:3)
1 creature vanquished.

Vanquished Creatures (others)
  7 toadstools (D:1)
7 creatures vanquished.

Grand Total: 67 creatures vanquished

Notes
Turn   | Place    | Note
-------+----------+-------------------------------------------
     0 | D:1      | garrulousMonolith the Gnoll Hedge Wizard began the quest
                  | for the Orb.
     0 | D:1      | Reached XP level 1. HP: 13/13 MP: 8/8
   352 | D:1      | Reached XP level 2. HP: 19/19 MP: 6/10
   467 | D:1      | Learned a level 2 spell: Call Imp
   470 | D:1      | Learned a level 2 spell: Blink
   530 | D:1      | You fall into a shaft and drop 1 floor!
   816 | D:1      | Reached XP level 3. HP: 25/25 MP: 5/11
   820 | D:1      | Learned a level 3 spell: Mephitic Cloud
  1221 | D:2      | Reached skill level 1 in Invocations
  1406 | D:2      | Identified the +11 scale mail of the Hunter {rC+ Will+}
  1606 | D:2      | Reached skill level 1 in Fighting
  1606 | D:2      | Reached skill level 1 in Short Blades
  1606 | D:2      | Reached skill level 1 in Long Blades
  1606 | D:2      | Reached skill level 1 in Axes
  1606 | D:2      | Reached skill level 1 in Maces & Flails
  1606 | D:2      | Reached skill level 1 in Polearms
  1606 | D:2      | Reached skill level 1 in Staves
  1606 | D:2      | Reached skill level 1 in Ranged Weapons
  1606 | D:2      | Reached skill level 1 in Throwing
  1606 | D:2      | Reached skill level 1 in Armour
  1606 | D:2      | Reached skill level 1 in Shields
  1606 | D:2      | Reached skill level 1 in Unarmed Combat
  1606 | D:2      | Reached skill level 1 in Evocations
  1606 | D:2      | Reached XP level 4. HP: 9/32 MP: 9/13
  1970 | D:2      | Reached skill level 1 in Hexes
  1970 | D:2      | Reached skill level 1 in Necromancy
  1970 | D:2      | Reached skill level 1 in Transmutations
  1970 | D:2      | Reached skill level 1 in Fire Magic
  1970 | D:2      | Reached skill level 1 in Ice Magic
  1970 | D:2      | Reached skill level 1 in Air Magic
  1970 | D:2      | Reached skill level 1 in Earth Magic
  1970 | D:2      | Reached skill level 1 in Poison Magic
  2568 | D:3      | Learned a level 3 spell: Vhi's Electric Charge
  3128 | D:3      | Reached XP level 5. HP: 37/37 MP: 7/14
  3439 | D:4      | Killed from afar by an orc priest

Illustrated notes

Levels and vault maps discovered:
D:1:      nagdon_arrival_double_spiral, layout_rooms, chequers_decorated_corner
D:2:      layout_loops_ring
D:3:      layout_loops_ring, minmay_tree_intersection, guppyfry_early_lair_pool
D:4:      layout_basic, mainiacjoe_overflow_alcove_4, gup_sewer_entry_bubbles,
          minmay_misc_feat_more_columns, uniq_robin

Skill      XL: |  1  2  3  4 |
---------------+-------------+-----
Conjurations   | 2 |  2.3
Summonings     | 2 |  2.3
Translocations | 2 |  2.3
Invocations    | 1 |  1.5
Fighting       | 1 |  1.4
Short Blades   | 1 |  1.4
Long Blades    | 1 |  1.4
Axes           | 1 |  1.4
Maces & Flails | 1 |  1.4
Polearms       | 1 |  1.4
Staves         | 1 |  1.4
Ranged Weapons | 1 |  1.4
Throwing       | 1 |  1.4
Armour         | 1 |  1.4
Shields        | 1 |  1.4
Unarmed Combat | 1 |  1.4
Evocations     | 1 |  1.4
Hexes          | 1 |  1.1
Necromancy     | 1 |  1.1
Transmutations | 1 |  1.1
Fire Magic     | 1 |  1.1
Ice Magic      | 1 |  1.1
Air Magic      | 1 |  1.1
Earth Magic    | 1 |  1.1
Poison Magic   | 1 |  1.1
Dodging        | |  4.7
Stealth        | |  4.3
Spellcasting   | |  7.2

Action                   |  1- 3 |  4- 6 || total
-------------------------+-------+-------++-------
Melee: War axe           |     4 |    16 ||    20
       Bite              |     1 |     1 ||     2
 Cast: Magic Dart        |    86 |    80 ||   166
       Call Imp          |     1 |     4 ||     5
Armor: Robe              |     1 |       ||     1
       Scale mail        |     4 |       ||     4
       Leather armour    |       |     5 ||     5
Dodge: Dodged            |     6 |    15 ||    21

Table legend: (Time is in decaauts)
 A = Elapsed time spent in this place.
 B = Non-inter-level travel time spent in this place.
 C = Inter-level travel time spent in this place.
 D = Time resting spent in this place.
 E = Time spent auto-exploring this place.
 F = Levels seen in this place.
 G = Mean time per level.
                   A        B        C        D        E       F      G
               +--------+--------+--------+--------+--------+-----+--------+
         Total |   3449 |   3367 |     82 |    579 |   2257 |   4 |  862.2 |
       Dungeon |   3449 |   3367 |     82 |    579 |   2257 |   4 |  862.2 |
               +--------+--------+--------+--------+--------+-----+--------+

Top non-repeatable levels by time:
     D:1: 1269 daAuts
     D:2: 1256 daAuts
     D:3: 832 daAuts
     D:4: 91 daAuts
